 Dungeon Crawl Stone Soup version 0.26-a0-61-g6c07f0ee8d (webtiles) character file.

Game seed: 515712584429547835

369126 Apogee the Executioner (level 21, -1/206 HPs)
             Began as a Minotaur Berserker on June 9, 2020.
             Was the Champion of Trog.
             Splashed by a caustic shrike's acid (4 damage)
             ... on level 3 of the Depths.
             The game lasted 02:14:28 (43905 turns).

Apogee the Executioner (Minotaur Berserker)        Turns: 43905, Time: 02:14:28

Health: -1/206     AC: 30    Str: 33    XL:     21   Next: 65%
Magic:  21/21      EV: 16    Int:  4    God:    Trog [******]
Gold:   3265       SH:  9    Dex: 15    Spells: 20/20 levels left

rFire    + . .     SeeInvis .   a - +8 frozen axe "Frostbite" {freezing cloud, *Noise +Fly rC+}
rCold    + . .     Gourm    .   (shield currently unavailable)
rNeg     . . .     Faith    .   N - +2 plate armour {rF+}
rPois    .         Spirit   .   T - +2 hat of Sin {Str+4 Stlth+}
rElec    .         Reflect  +   C - +1 cloak
rCorr    +         Harm     .   e - +1 pair of gloves
MR       +....                  s - +1 pair of boots {Stlth+}
Stlth    ..........             B - amulet of reflection
HPRegen  0.44/turn              I - +4 ring of slaying
MPRegen  0.17/turn              F - ring of resist corrosion

@: about to teleport, corroded, slowed, very slow
A: retaliatory headbutt, horns 2, large bone plates 1, slimy green scales 1,
agile 1
}: 2/15 runes: serpentine, barnacled
a: Berserk, Trog's Hand, Brothers in Arms, Renounce Religion, Evoke Flight


You were on level 3 of the Depths.
You worshipped Trog.
Trog was exalted by your worship.
You were very hungry.

You visited 8 branches of the dungeon, and saw 39 of its levels.
You visited 1 bazaar.

You collected 3859 gold pieces.
You spent 594 gold pieces at shops.

Inventory:

Hand Weapons
 a - the +8 frozen axe "Frostbite" (weapon) {freezing cloud, *Noise +Fly rC+}
   (Trog gifted it to you on level 3 of the Lair of Beasts)

   It has been specially enchanted to freeze those struck by it, causing extra
   injury to most foes and up to half again as much damage against particularly
   susceptible opponents.
   It can also slow down cold-blooded creatures.
   It protects you from cold.
   It lets you fly.
   It may make noises in combat.
 b - a +1 hunting sling of freezing
 m - a +7 antimagic executioner's axe
 u - a +5 executioner's axe of flaming
Missiles
 i - 930 stones
 y - 305 sling bullets
 A - 6 throwing nets (quivered)
Armour
 e - a +1 pair of gloves (worn)
 s - a +1 pair of boots of stealth (worn)
 C - a +1 cloak (worn)
 N - a +2 plate armour of fire resistance (worn)
 T - the +2 hat of Sin (worn) {Str+4 Stlth+}
   (You found it on level 11 of the Dungeon)

   It affects your strength (+4).
   It makes you more stealthy.
Jewellery
 l - a +6 ring of intelligence
 v - an uncursed ring of positive energy
 B - an amulet of reflection (around neck)
 F - a ring of resist corrosion (right hand)
 I - a +4 ring of slaying (left hand)
 L - the ring of Furyajuh {+Inv rElec rF- Dex+2 Stlth-}
   (You found it on level 1 of the Lair of Beasts)

   [ring of attention]

   It affects your dexterity (+2).
   It makes you vulnerable to fire.
   It insulates you from electricity.
   It lets you turn invisible.
   It makes you less stealthy.
 M - an uncursed ring of protection from fire
 P - an uncursed amulet of regeneration
 R - the ring of the Serpent {rN+ Slay+2 SInv}
   (You bought it in a shop in a bazaar)

   [ring of positive energy]

   It affects your accuracy and damage with ranged weapons and melee attacks
   (+2).
   It protects you from negative energy.
   It lets you see invisible.
 W - an uncursed ring of ice
Wands
 E - a wand of iceblast (20)
 K - a wand of digging (6)
 Q - a wand of acid (6)
Scrolls
 d - 22 scrolls of remove curse
 g - 33 scrolls of identify
 h - 6 scrolls of fog
 j - 3 scrolls of blinking
 n - 15 scrolls of teleportation
 p - 5 scrolls of enchant armour
 w - 10 scrolls of magic mapping
 G - 6 scrolls of fear
 H - 10 scrolls of enchant weapon
 O - 3 scrolls of silence
 Y - a scroll of summoning
Potions
 f - 6 potions of haste
 o - 4 potions of berserk rage
 q - 2 potions of might
 r - 5 potions of flight
 t - 4 potions of invisibility
 x - 4 potions of stabbing
 z - 13 potions of heal wounds
 D - 16 potions of curing
 J - 2 potions of resistance
 S - 2 potions of cancellation
Comestibles
 c - 68 rations


   Skills:
 + Level 21.8 Fighting
 - Level 26.0 Axes
 - Level 12.0 Slings
 + Level 21.8 Armour
 - Level 12.0 Dodging
   Level 5.0 Shields
 - Level 2.0 Evocations


You had 20 spell levels left.
You didn't know any spells.
Your spell library contained the following spells:

 Spells                   Type           Power        Failure   Level  Hunger
 Animate Skeleton         Necr           N/A          88%         1    ##.....
 Apportation              Tloc           #.....       88%         1    ##.....
 Corona                   Hex            #......      88%         1    ##.....
 Foxfire                  Conj/Fire      #...         88%         1    ##.....
 Magic Dart               Conj           #...         88%         1    ##.....
 Summon Butterflies       Summ           #.......     88%         1    ##.....
 Summon Small Mammal      Summ           #...         88%         1    ##.....
 Blink                    Tloc           N/A          96%         2    ###....
 Call Imp                 Summ           #.......     96%         2    ###....
 Corpse Rot               Necr/Air       N/A          96%         2    ###....
 Ensorcelled Hibernation  Hex/Ice        #.....       96%         2    ###....
 Poisonous Vapours        Pois/Air       #.....       96%         2    ###....
 Shroud of Golubria       Chrm/Tloc      #.....       96%         2    ###....
 Slow                     Hex            #.......     96%         2    ###....
 Call Canine Familiar     Summ           #.......     99%         3    ####...
 Confusing Touch          Hex            #.......     99%         3    ####...
 Conjure Flame            Conj/Fire      #.......     99%         3    ####...
 Dazzling Flash           Conj/Hex       #.....       99%         3    ####...
 Gell's Gravitas          Tloc           #.........   99%         3    ####...
 Inner Flame              Hex/Fire       #.......     99%         3    ####...
 Lesser Beckoning         Tloc           #.........   99%         3    ####...
 Mephitic Cloud           Conj/Pois/Air  #.......     99%         3    ####...
 Portal Projectile        Hex/Tloc       #.....       99%         3    ####...
 Stone Arrow              Conj/Erth      #.....       99%         3    ####...
 Summon Guardian Golem    Hex/Summ       #.......     99%         3    ####...
 Teleport Other           Tloc           #.......     99%         3    ####...
 Tukima's Dance           Hex            #.......     99%         3    ####...
 Vampiric Draining        Necr           #.........   99%         3    ####...
 Cause Fear               Hex            #.........   100%        4    #####..
 Dispel Undead            Necr           #.......     100%        4    #####..
 Leda's Liquefaction      Hex/Erth       #.........   100%        4    #####..
 Passage of Golubria      Tloc           N/A          100%        4    #####..
 Petrify                  Tmut/Erth      #.......     100%        4    #####..
 Sticky Flame             Conj/Fire      #.......     100%        4    #####..
 Summon Ice Beast         Ice/Summ       #.......     100%        4    #####..
 Summon Lightning Spire   Summ/Air       #.......     100%        4    #####..
 Alistair's Intoxication  Tmut/Pois      #.......     100%        5    ######.
 Borgnjor's Vile Clutch   Necr/Erth      #.........   100%        5    ######.
 Fireball                 Conj/Fire      #.........   100%        5    ######.
 Lee's Rapid Deconstruct  Erth           #.........   100%        5    ######.
 Lightning Bolt           Conj/Air       #.........   100%        5    ######.
 Metabolic Englaciation   Hex/Ice        #.........   100%        5    ######.
 Silence                  Hex/Air        #.........   100%        5    ######.
 Summon Forest            Summ/Tloc      #.........   100%        5    ######.
 Yara's Violent Unravell  Hex/Tmut       #.........   100%        5    ######.
 Eringya's Noxious Bog    Tmut/Pois      #.........   100%        6    #######
 Freezing Cloud           Conj/Ice/Air   #.........   100%        6    #######
 Hydra Form               Tmut           #.........   100%        6    #######
 Invisibility             Hex            #.......     100%        6    #######
 Shadow Creatures         Summ           N/A          100%        6    #######
 Statue Form              Tmut/Erth      #........    100%        6    #######
 Ring of Flames           Chrm/Fire      #.........   100%        7    #######
 Summon Hydra             Summ           #.........   100%        7    #######
 Discord                  Hex            #.........   100%        8    #######


Dungeon Overview and Level Annotations

Branches:
Dungeon (15/15)            Temple (0/1) D:6            Lair (6/6) D:8
 Shoals (4/4) Lair:4        Snake (4/4) Lair:3        Slime (1/5) Lair:6
    Orc (2/2) D:11            Elf (0/3) Orc:2        Vaults (4/5) D:13
  Crypt (0/3) Vaults:2     Depths (3/5) D:15

Altars:
Cheibriados
Makhleb
Nemelex Xobeh
Ru
Wu Jian
Xom
Beogh

Shops:
D:7 (=(*   D:8 ==![   Orc:2 *%**   Shoals:4 ?   Snake:2 :   Vaults:1 *
Vaults:2 *

Portals:
Hell: Depths:1 Depths:2 Depths:3
Abyss: Depths:1 Depths:2
Pandemonium: Depths:2

Annotations:
Lair:6 1 runed translucent door
Vaults:1 exclusion: orange crystal statue


Innate Abilities, Weirdness & Mutations

You reflexively headbutt those who attack you in melee.
You have a pair of horns on your head.
You are partially covered in large bone plates. (SH +4)
You are partially covered in slimy green scales. (AC +2)
You are agile. (Dex +2)


Message History

The caustic shrike claws you but does no damage.
The caustic shrike claws you!
You are splashed with acid.
You resist.
* * * LOW HITPOINT WARNING * * *
A cyan ugly thing comes into view.
Okay, then.
As you read the scroll of teleportation, it crumbles to dust.
You feel strangely unstable.
The cyan ugly thing gurgles horribly!
You hear a horrible gurgling sound!
The caustic shrike claws you!
* * * LOW HITPOINT WARNING * * *
You are splashed with acid.
You resist.
* * * LOW HITPOINT WARNING * * *
The caustic shrike claws you!
* * * LOW HITPOINT WARNING * * *
The acid corrodes you!
You are splashed with acid.
You resist.
* * * LOW HITPOINT WARNING * * *
The caustic shrike claws you!
* * * LOW HITPOINT WARNING * * *
You are splashed with acid.
You resist.
You die...

...............≈≈≈≈≈....
.......<......≈≈≈≈≈≈≈..#
.#####....u...≈≈≈≈≈≈..##
.......)..≈≈≈H..≈≈≈....#
########...≈≈≈≈..≈≈..#..
...........≈≈≈≈≈.≈≈...#%
.#####.....≈.....≈≈≈≈...
≈≈≈ ##.≈≈≈≈.##b...≈≈.#.
≈≈≈≈. #......##.@...≈..#
..≈^.........###.#..≈.##
#...≈≈........####....#
..≈≈≈)......## ..##
..≈≈≈..##.### ...# #.#


You could see a caustic shrike, a sphinx and a cyan ugly thing.

Vanquished Creatures
  A juggernaut (Depths:3)
  Vashnia (Snake:2)
  2 caustic shrikes (Depths:3)
  Nikola (Snake:1)
  the Enchantress (Depths:2)
  Rupert (Lair:5)
  Jorgrun (D:12)
  A titan (Depths:2)
  2 krakens (Shoals:4)
  Kirke (Snake:1)
  The ghost of Qeojih the Thaumaturge, an adept GnVM of Cheibriados (Snake:3)
  4 tengu reavers
  Donald (Shoals:4)
  12 nagarajas
  3 fire giants
  3 frost giants
  A ghost moth (shapeshifter) (Vaults:2)
  2 orc warlords
  9 vault wardens
  Aizul (Snake:4)
  A ghoul (Vaults:3)
  3 ironheart preservers
  2 spriggan defenders (Depths:2)
  10 stone giants
  4 very ugly things
  2 entropy weavers
  6 spark wasps
  4 merfolk javelineers
  3 ettins
  2 great orbs of eyes
  4 fire dragons
  5 ice dragons
  8 merfolk impalers
  3 yaktaur captains
  14 naga warriors
  3 hydras
  2 merfolk avatars
  9 vault guards
  23 anacondas
  12 ogre magi
  5 death knights
  3 rakshasas
  3 spriggan air magi
  40 two-headed ogres
  8 centaur warriors
  3 dancing weapons
  An alligator snapping turtle (Shoals:3)
  5 deep troll shamans
  3 deep troll earth magi
  5 merfolk aquamancers (Shoals:4)
  3 satyrs
  6 spriggan berserkers
  4 tengu warriors (Depths:2)
  5 death yaks (Lair:6)
  Urug (Orc:1)
  26 naga sharpshooters
  10 shock serpents
  3 deep elf knights
  12 hell knights
  3 iron trolls (Depths:3)
  15 skeletal warriors
  11 deep trolls
  11 sea snakes
  2 unseen horrors
  A sixfirhy (Depths:2)
  4 flayed ghosts
  A salamander mystic (Snake:4)
  4 wizards
  An infernal demonspawn (Depths:2)
  A glowing orange brain (Vaults:3)
  A swamp dragon (Lair:6)
  7 orc knights
  A phantasmal warrior (Vaults:4)
  5 naga ritualists
  8 ironbrand convokers
  16 harpies
  A lindwurm (Lair:6)
  9 mana vipers
  An orc sorcerer (Orc:1)
  5 necromancers
  2 human zombies (Vaults:4)
  5 deep elf magi
  15 ugly things
  A salamander (shapeshifter) (Depths:2)
  2 salamanders
  7 cyclopes
  2 oklob plants (Lair:6)
  20 fauns
  A tengu skeleton (Vaults:2)
  13 water nymphs
  A stone giant skeleton (Vaults:2)
  15 manticores
  A fire giant skeleton (Vaults:2)
  A frost giant skeleton (Vaults:2)
  4 merfolk sirens
  14 naga magi
  5 elephants (Lair:6)
  A spiny frog (shapeshifter) (Vaults:4)
  10 guardian serpents
  A smoke demon (Depths:2)
  3 gargoyles
  Joseph (D:8)
  5 torpor snails (Lair:6)
  38 black mambas
  12 vault sentinels
  Maggie (D:8)
  27 yaktaurs
  A hellion (Depths:2)
  12 spiny frogs
  7 komodo dragons
  A rime drake (Lair:4)
  9 freezing wraiths
  3 tengu conjurers
  A hellwing (Depths:2)
  13 trolls
  5 human skeletons
  4 tyrant leeches (Lair:6)
  13 hornets
  23 merfolk
  Prince Ribbit (D:9)
  A jumping spider (shapeshifter) (Depths:2)
  3 wind drakes
  7 slime creatures
  A fire giant simulacrum (Vaults:3)
  11 hippogriffs
  A meliai zombie (D:15)
  13 dream sheep
  31 blink frogs
  10 snapping turtles
  An ettin zombie (Vaults:4)
  A frost giant simulacrum (Vaults:1)
  3 redbacks
  Sigmund (D:2)
  4 spriggans (Depths:2)
  A spriggan (shapeshifter) (Vaults:2)
  3 ettin skeletons (Vaults:2)
  6 wraiths
  34 yaks
  2 basilisks (Lair:6)
  17 water elementals
  A human (D:7)
  2 wyverns
  9 hogs
  3 steam dragons
  7 vampire mosquitoes
  A warg (shapeshifter) (Depths:2)
  5 wargs
  3 acid dragons (Lair:6)
  2 soldier ants (D:12)
  A soldier ant (shapeshifter) (Vaults:3)
  21 water moccasins
  66 nagas
  9 porcupines
  4 sky beasts
  A necrophage (D:9)
  25 orc warriors
  2 black bears
  7 ice beasts
  44 ogres
  11 wolves
  15 centaurs
  14 boggarts
  3 phantoms
  2 orc skeletons (Vaults:2)
  21 crocodiles
  2 big kobolds
  Blork the orc (D:4)
  19 bullfrogs
  4 scorpions
  A water moccasin skeleton (D:6)
  10 killer bees
  9 wights
  9 howler monkeys
  9 crimson imps
  2 electric eels
  2 quasits (D:11)
  2 centaur zombies
  4 jellies
  4 bullfrog skeletons
  5 hounds
  4 centaur skeletons
  A gnoll shaman (D:5)
  24 orc priests
  24 orc wizards
  12 worker ants
  7 iguanas
  5 hell rats (Lair:2)
  A yak simulacrum (Lair:4)
  3 polar bear simulacra (Lair:4)
  2 wolf simulacra (Lair:4)
  3 hound skeletons
  14 adders
  8 gnolls
  3 howler monkey skeletons
  3 shadow imps
  5 worms
  A worm (shapeshifter) (Depths:2)
  7 leopard geckos
  97 orcs
  8 giant cockroaches
  13 goblins
  5 hobgoblins
  19 jackals
  4 quokkas
  9 bats
  4 frilled lizards
  A giant cockroach zombie (D:6)
  17 kobolds
  A leopard gecko skeleton (D:8)
  A quokka skeleton (D:5)
  7 rats
  5 river rat simulacra (Lair:4)
  16 fungi
  14 plants
  8 tentacles (Shoals:4)
1593 creatures vanquished.

Vanquished Creatures (collateral kills)
  Saint Roka (Snake:2)
  A sphinx (Depths:1)
  A fire giant (Depths:1)
  A spriggan defender (Depths:2)
  2 yaktaur captains
  A naga warrior (Snake:3)
  A skeletal warrior (Vaults:3)
  A deep troll (Vaults:4)
  The ghost of ra1n577 the Skirmisher, a novice GrFi of Makhleb (D:7)
  An orc knight (Orc:2)
  A manticore (Shoals:3)
  2 ugly things (Depths:1)
  A black mamba (Snake:2)
  2 yaktaurs (Depths:1)
  2 merfolk (Shoals:3)
  A wind drake (Shoals:3)
  A hornet (Depths:2)
  A spriggan (Depths:2)
  A water elemental (Depths:1)
  A warg (Vaults:4)
  2 nagas (Snake:3)
  An orc warrior (Orc:2)
  An ogre (Orc:2)
  A centaur (Depths:1)
  An orc wizard (D:7)
  4 orcs
34 creatures vanquished.

Vanquished Creatures (others)
  A vault warden (Vaults:2)
  A swamp drake (Lair:6)
  A bush (Lair:3)
  3 fungi
  38 plants
  15 tentacles (Shoals:4)
59 creatures vanquished.

Grand Total: 1686 creatures vanquished

Notes
Turn   | Place    | Note
-------+----------+-------------------------------------------
     0 | D:1      | Apogee the Minotaur Berserker began the quest for the Orb.
     0 | D:1      | Reached XP level 1. HP: 19/19 MP: 0/0
   210 | D:1      | Reached skill level 4 in Axes
   452 | D:1      | Reached XP level 2. HP: 26/26 MP: 1/1
   921 | D:1      | Reached skill level 5 in Axes
  1172 | D:2      | Reached XP level 3. HP: 28/31 MP: 2/2
  1247 | D:2      | Reached ** piety under Trog
  1517 | D:2      | Reached skill level 6 in Axes
  1517 | D:2      | Reached XP level 4. HP: 28/39 MP: 3/3
  1887 | D:2      | Noticed Sigmund
  1892 | D:2      | Killed Sigmund
  1892 | D:2      | Reached skill level 7 in Axes
  1892 | D:2      | Reached XP level 5. HP: 45/45 MP: 4/4
  2068 | D:3      | Reached skill level 8 in Axes
  2197 | D:3      | Reached XP level 6. HP: 51/51 MP: 5/5
  2391 | D:3      | Reached *** piety under Trog
  3042 | D:4      | Reached skill level 9 in Axes
  3197 | D:4      | Reached XP level 7. HP: 57/57 MP: 6/6
  3234 | D:4      | Reached skill level 10 in Axes
  3938 | D:4      | Noticed Blork the orc
  3949 | D:4      | Killed Blork the orc
  4193 | D:4      | Reached **** piety under Trog
  4262 | D:5      | Entered Level 5 of the Dungeon
  4415 | D:5      | Reached skill level 11 in Axes
  4750 | D:5      | Reached XP level 8. HP: 61/66 MP: 7/7
  5042 | D:5      | Reached skill level 5 in Fighting
  5607 | D:5      | Reached skill level 12 in Axes
  5772 | D:6      | Identified Ucyedd's Compendium of the Twisted Escort
  6007 | D:6      | Found a staircase to the Ecumenical Temple.
  6153 | D:6      | Found an ornate altar of the Wu Jian Council.
  6468 | D:7      | Found a runed translucent door.
  6470 | D:7      | Noticed ra1n577's ghost (novice GrFi)
  6516 | D:7      | Killed ra1n577's ghost
  6516 | D:7      | Reached XP level 9. HP: 80/80 MP: 8/8
  6562 | D:7      | Found Nane's Jewellery Emporium.
  6608 | D:7      | Found Ziakk's Assorted Antiques.
  6660 | D:7      | Found a sacrificial altar of Ru.
  6660 | D:7      | Found a snail-covered altar of Cheibriados.
  6757 | D:7      | Reached skill level 13 in Axes
  6987 | D:7      | Reached skill level 14 in Axes
  7316 | D:7      | Found Amoipp's Weapon Shoppe.
  7327 | D:7      | Reached skill level 1 in Evocations
  7426 | D:7      | Found Pamniom's Distillery.
  7639 | D:7      | Found Vecrusch's Weapon Shop.
  7766 | D:8      | Found Omocod's Distillery.
  7828 | D:8      | Found Huaqe's Jewellery Shop.
  8091 | D:8      | Found Caif's Jewellery Shop.
  8158 | D:8      | Noticed a two-headed ogre
  8165 | D:8      | Killed a two-headed ogre
  8165 | D:8      | Reached skill level 5 in Armour
  8165 | D:8      | Reached XP level 10. HP: 88/88 MP: 10/10
  8240 | D:8      | Reached skill level 5 in Dodging
  8241 | D:8      | Noticed Joseph
  8270 | D:8      | Killed Joseph
  8358 | D:8      | Noticed Maggie
  8375 | D:8      | Killed Maggie
  8616 | D:8      | Found a staircase to the Lair.
  8632 | Lair:1   | Entered Level 1 of the Lair of Beasts
  9112 | Lair:1   | Noticed a spiny frog
  9131 | Lair:1   | Killed a spiny frog
  9179 | Lair:1   | Reached ***** piety under Trog
  9380 | Lair:1   | Reached XP level 11. HP: 97/97 MP: 11/11
  9435 | Lair:1   | Reached skill level 1 in Slings
  9665 | Lair:1   | Got a flickering granite ring
  9701 | Lair:1   | Identified the ring of Furyajuh {+Inv rElec rF- Dex+2
                  | Stlth-} (You found it on level 1 of the Lair of Beasts)
  9844 | Lair:2   | Reached skill level 10 in Fighting
 10157 | Lair:2   | Reached skill level 1 in Shields
 10173 | Lair:2   | Reached skill level 5 in Slings
 10944 | Lair:3   | Received a gift from Trog
 10945 | Lair:3   | Found the +8 frozen axe "Frostbite" {freezing cloud, *Noise
                  | +Fly rC+}
 10954 | Lair:3   | Reached skill level 5 in Shields
 11122 | Lair:3   | Found a staircase to the Snake Pit.
 11337 | Lair:3   | Reached skill level 15 in Axes
 11345 | Lair:3   | Reached XP level 12. HP: 103/106 MP: 12/12
 11840 | Lair:4   | Reached skill level 16 in Axes
 11941 | Lair:3   | Gained mutation: Your magical capacity is low. (-10% MP)
                  | [potion of mutation]
 11941 | Lair:3   | Gained mutation: Scrolls take you a little longer to read.
                  | [potion of mutation]
 11941 | Lair:3   | Gained mutation: You have a somewhat thin skeletal
                  | structure. (Dex +2, Stealth) [potion of mutation]
 11941 | Lair:3   | Gained mutation: Your muscles are strong. (Str +2) [potion
                  | of mutation]
 11946 | Lair:3   | Lost mutation: Your magical capacity is low. (-10% MP)
                  | [potion of mutation]
 11946 | Lair:3   | Lost mutation: Your muscles are strong. (Str +2) [potion of
                  | mutation]
 11946 | Lair:3   | Gained mutation: You are weak. (Str -2) [potion of
                  | mutation]
 11946 | Lair:3   | Gained mutation: You evolve. [potion of mutation]
 11946 | Lair:3   | Gained mutation: You are agile. (Dex +2) [potion of
                  | mutation]
 11946 | Lair:3   | Gained mutation: You are partially covered in slimy green
                  | scales. (AC +2) [potion of mutation]
 12322 | Lair:4   | Found a staircase to the Shoals.
 12639 | Lair:4   | Reached skill level 17 in Axes
 13027 | Lair:5   | Reached skill level 10 in Armour
 13120 | Lair:5   | Noticed Rupert
 13144 | Lair:5   | Killed Rupert
 13323 | Lair:5   | Reached XP level 13. HP: 105/113 MP: 13/13
 13893 | D:8      | Reached skill level 18 in Axes
 13976 | D:8      | Found Mac Lah's Antique Armour Emporium.
 14073 | D:9      | Noticed Prince Ribbit
 14079 | D:9      | Killed Prince Ribbit
 14587 | D:9      | Found a burning altar of Makhleb.
 14767 | D:9      | Lost mutation: Scrolls take you a little longer to read.
                  | [evolution]
 14767 | D:9      | Lost mutation: You evolve. [end of evolution]
 14768 | D:9      | Lost mutation: You are weak. (Str -2) [potion of mutation]
 14768 | D:9      | Lost mutation: You are agile. (Dex +2) [potion of mutation]
 14768 | D:9      | Lost mutation: You have a somewhat thin skeletal structure.
                  | (Dex +2, Stealth) [potion of mutation]
 14768 | D:9      | Gained mutation: You are partially covered in large bone
                  | plates. (SH +4) [potion of mutation]
 14768 | D:9      | Gained mutation: You are agile. (Dex +2) [potion of
                  | mutation]
 15035 | D:10     | Entered Level 10 of the Dungeon
 15051 | D:10     | Identified the Papyrus of Combed Thunderclap
 15221 | D:10     | Identified the Papyrus of Axaxaxas mlö
 15313 | D:10     | Identified the Almanac of Plaster Cramp
 16178 | D:11     | Reached skill level 19 in Axes
 16217 | D:11     | Got a distressingly furry hat
 16223 | D:11     | Identified the +2 hat of Sin {Str+4 Stlth+} (You found it
                  | on level 11 of the Dungeon)
 16404 | D:11     | Found a staircase to the Orcish Mines.
 16580 | D:12     | Received a gift from Trog
 17034 | D:12     | Noticed Jorgrun
 17041 | D:12     | Killed Jorgrun
 17554 | D:13     | Found a gate to the Vaults.
 17839 | D:13     | Reached XP level 14. HP: 117/125 MP: 14/14
 18976 | D:15     | Entered Level 15 of the Dungeon
 19141 | D:15     | Reached skill level 20 in Axes
 19310 | D:15     | Found a staircase to the Depths.
 19745 | Orc:1    | Entered Level 1 of the Orcish Mines
 20155 | Lair:6   | Entered Level 6 of the Lair of Beasts
 20237 | Lair:6   | Reached ****** piety under Trog
 20242 | Lair:6   | Received a gift from Trog
 20301 | Lair:6   | Found a staircase to the Slime Pits.
 20614 | Lair:6   | Found a runed translucent door.
 20679 | Lair:6   | Paralysed by a hornet for 3 turns
 20710 | Lair:6   | Got a translucent chain mail
 21268 | Lair:6   | Reached XP level 15. HP: 119/138 MP: 15/15
 21433 | Slime:1  | Entered Level 1 of the Pits of Slime
 21433 | Slime:1  | Noticed an acid blob
 21433 | Slime:1  | Noticed an acid blob
 21514 | Shoals:1 | Entered Level 1 of the Shoals
 21741 | Shoals:1 | Received a gift from Trog
 21741 | Shoals:1 | Reached skill level 21 in Axes
 22852 | Shoals:2 | Reached skill level 15 in Armour
 23112 | Shoals:2 | Reached skill level 22 in Axes
 24485 | Shoals:3 | Reached skill level 15 in Fighting
 24594 | Shoals:3 | Reached XP level 16. HP: 118/149 MP: 16/16
 24605 | Shoals:3 | Received a gift from Trog
 24608 | Shoals:3 | Got a brightly glowing executioner's axe {god gift}
 24609 | Shoals:3 | Identified the +2 executioner's axe "Zyaph" {vorpal, *Rage
                  | rN+ Str+8 Int+3} (Trog gifted it to you on level 3 of the
                  | Shoals)
 24698 | Shoals:4 | Entered Level 4 of the Shoals
 24698 | Shoals:4 | Noticed Donald
 24706 | Shoals:4 | Killed Donald
 24867 | Shoals:4 | Noticed a kraken
 25067 | Shoals:4 | Killed a kraken
 25849 | Shoals:4 | Reached skill level 23 in Axes
 25851 | Shoals:4 | Found Neqemog's Magic Scroll Shoppe.
 26001 | Shoals:4 | Noticed a kraken
 26020 | Shoals:4 | Killed a kraken
 26200 | Shoals:4 | Got a barnacled rune of Zot
 26289 | Lair:4   | meem: I'm meem, an infobot run by MalcolmRoseGaming: Type
                  | !submeem to keep me in your games; !nomeem to shut me up
                  | forever; !meem for help; !whymeem if you want to know why
                  | meem exists. Visit http://youtube.com/malcolmrosegaming for
                  | more DCSS content.
 26484 | Orc:2    | Entered Level 2 of the Orcish Mines
 26544 | Orc:2    | Found a staircase to the Elven Halls.
 26884 | Orc:2    | Received a gift from Trog
 27306 | Orc:2    | Reached skill level 24 in Axes
 27505 | Orc:2    | Found Waino's Assorted Antiques.
 27524 | Orc:2    | Found a roughly hewn altar of Beogh.
 27560 | Orc:2    | Found Beer's Food Emporium.
 27560 | Orc:2    | Found Ryruckue's General Store.
 27560 | Orc:2    | Found Bahev's General Store.
 27878 | Orc:1    | Noticed Urug
 27887 | Orc:1    | Killed Urug
 27887 | Orc:1    | Reached XP level 17. HP: 137/158 MP: 17/17
 27916 | Orc:1    | Found a roughly hewn altar of Beogh.
 27930 | Orc:1    | Received a gift from Trog
 28479 | Vaults:1 | Entered Level 1 of the Vaults
 28610 | Vaults:1 | Found Ycseadacla's Assorted Antiques.
 29126 | Vaults:1 | Reached skill level 10 in Dodging
 29528 | Vaults:1 | Received a gift from Trog
 30137 | Vaults:2 | Reached skill level 25 in Axes
 30306 | Vaults:2 | Found Ateakla's Assorted Antiques.
 30731 | Vaults:2 | Received a gift from Trog
 31095 | Vaults:2 | Found a staircase to the Crypt.
 31449 | Vaults:3 | Reached XP level 18. HP: 161/166 MP: 18/18
 31523 | Vaults:3 | Reached skill level 26 in Axes
 32464 | Vaults:3 | Received a gift from Trog
 34549 | Snake:1  | Entered Level 1 of the Snake Pit
 34551 | Snake:1  | Noticed Kirke
 34563 | Snake:1  | Killed Kirke
 34579 | Lair:3   | Identified a scroll of acquirement
 35004 | Snake:1  | Received a gift from Trog
 35410 | Snake:1  | Noticed Nikola
 35427 | Snake:1  | Killed Nikola
 35698 | Snake:2  | Reached XP level 19. HP: 164/172 MP: 19/19
 35743 | Snake:2  | Noticed Saint Roka
 35754 | Snake:2  | Killed Saint Roka
 35901 | Snake:2  | Noticed Vashnia
 35906 | Snake:2  | Killed Vashnia
 36170 | Snake:2  | Found a sparkling altar of Nemelex Xobeh.
 36284 | Snake:2  | Found Cajegg's Book Boutique.
 36673 | Snake:3  | Found a runed translucent door.
 36689 | Snake:3  | meem: I'm meem, an infobot run by MalcolmRoseGaming: Type
                  | !submeem to keep me in your games; !nomeem to shut me up
                  | forever; !meem for help; !whymeem if you want to know why
                  | meem exists. Visit http://youtube.com/malcolmrosegaming for
                  | more DCSS content.
 36701 | Snake:3  | Received a gift from Trog
 36787 | Snake:3  | Found a shimmering altar of Xom.
 36787 | Snake:3  | Noticed Qeojih's ghost (adept GnVM)
 36793 | Snake:3  | Found a flickering gateway to a bazaar.
 36798 | Bazaar   | Entered a bazaar
 36799 | Bazaar   | Found Qunismog's General Store.
 36799 | Bazaar   | Found Zohiuri's Distillery.
 36907 | Bazaar   | Found Yledib's Food Boutique.
 36938 | Bazaar   | Found Afikk's Jewellery Shop.
 36946 | Bazaar   | Bought the ring of the Serpent {rN+ Slay+2 SInv} for 594
                  | gold pieces
 36998 | Snake:3  | Found a runed translucent gate.
 36998 | Snake:3  | Found a runed translucent gate.
 36998 | Snake:3  | Found a runed translucent gate.
 37413 | Snake:3  | Received a gift from Trog
 37830 | Snake:3  | Killed Qeojih's ghost
 37874 | Snake:4  | Entered Level 4 of the Snake Pit
 37874 | Snake:4  | Noticed Aizul
 37885 | Snake:4  | Killed Aizul
 38446 | Snake:4  | Received a gift from Trog
 38663 | Snake:4  | Reached XP level 20. HP: 156/191 MP: 20/20
 39279 | Snake:4  | Got a serpentine rune of Zot
 40190 | Depths:1 | Entered Level 1 of the Depths
 40190 | Depths:1 | Found a one-way gate to the infinite horrors of the Abyss.
 40203 | Depths:1 | Received a gift from Trog
 40555 | Depths:1 | Found a gateway to Hell.
 40928 | Depths:2 | Found a one-way gate leading to the halls of Pandemonium.
 41121 | Depths:2 | Reached skill level 10 in Slings
 41123 | Depths:2 | Noticed the Enchantress
 41153 | Depths:2 | HP: 9/193 [poisoned by a spriggan defender]
 41438 | Depths:2 | Received a gift from Trog
 41446 | Depths:2 | Killed the Enchantress
 41890 | Depths:2 | Identified the +9 spear of Tender Mercy {vorpal, +Blink
                  | MR+}
 41930 | Depths:2 | Got a smelly chain mail
 41987 | Depths:2 | Received a gift from Trog
 41995 | Depths:2 | Reached XP level 21. HP: 154/202 MP: 21/21
 43400 | Depths:3 | Got a smoking robe
 43418 | Depths:3 | Received a gift from Trog
 43855 | Depths:3 | Noticed a juggernaut
 43855 | Depths:3 | Noticed a caustic shrike
 43860 | Depths:3 | Noticed a caustic shrike
 43867 | Depths:3 | Killed a caustic shrike
 43871 | Depths:3 | Noticed a caustic shrike
 43876 | Depths:3 | Killed a juggernaut
 43879 | Depths:3 | Killed a caustic shrike
 43884 | Depths:3 | Paralysed by a sphinx for 7 turns
 43905 | Depths:3 | HP: 3/206 [caustic shrike (14)]
 43905 | Depths:3 | Splashed by a caustic shrike's acid

Illustrated notes

Levels and vault maps discovered:
D:1:      dpeg_arrival_water_fire, layout_basic, skrybe_limestone_x,
          hangedman_feature_mirror
D:2:      layout_loops_ring, first_ration, uniq_sigmund
D:3:      layout_basic, serial_corexii_hall, corexii_hall_statues_u,
          corexii_hall_statues_l
D:4:      layout_loops_corners, portal_sewer_entry_f, uniq_blork_the_orc
D:5:      lemuel_upstairs_altar, layout_loops_corners
D:6:      layout_cave_pods, minmay_temple_entry_statues_fountains, basic_altar,
          amethyst_killhole
D:7:      layout_rooms, gammafunk_temple_overflow_wave,
          hellmonk_ghost_happy_afterlife, serial_shops, shop_statue,
          nicolae_shop_stone, shop, shop, shop_coins, serial_corexii_hall,
          corexii_hall_statues_i, chequers_hall_statues_wall_a, grunt_livestock
D:8:      layout_loops_cross, lair_entry_dummy, serial_shops,
          nicolae_shop_trees, kennysheep_little_box, shop, kennysheep_mini_moat,
          uniq_maggie, uniq_joseph
D:9:      statuecave_lemuel, layout_basic, serial_bayou_pond_b,
          makhleb_blood_cavern_becter, uniq_prince_ribbit1
D:10:     layout_basic, minivault_11, bh_hangedman_babel_library
D:11:     layout_long_grid, orc_0_dummy, feat_on_display
D:12:     layout_basic, nooodl_food_tri, uniq_jorgrun
D:13:     layout_cross, erik_vaults_1
D:14:     layout_basic, hangedman_decor_riveting
D:15:     grunt_enter_depths_hoard, layout_loops_ring,
          hangedman_decor_clover_reticule
Lair:1:   layout_cave_pods
Lair:2:   layout_long_grid, columned_hall_lemuel, minivault_26,
          serial_bayou_lagoon_a
Lair:3:   layout_regular_city, minmay_snake_entry_guardpost_small,
          grunt_megastairs_3
Lair:4:   layout_gridlike, elwin_shoals_entry_rooms, eino_house_with_fridge,
          lemuel_fruit_tree
Lair:5:   layout_regular_city, serial_bayou_pond_a, patterned_corridor,
          uniq_rupert
Lair:6:   wormcave, layout_regular_city, guppyfry_lair_end_dragon,
          minmay_slime_entry_pillars, infiniplex_staircase_pool,
          minmay_lair_oklob_chamber
Shoals:1: layout_shoals
Shoals:2: layout_shoals, argonaut_gorgonesque
Shoals:3: layout_shoals
Shoals:4: shoals_end_hangedman, layout_shoals, serial_shops, nicolae_shop_trees,
          kb_tengu_band, uniq_donald
Snake:1:  layout_onion, guppyfry_library_mini, serial_bayou_shore_b, uniq_kirke,
          uniq_nikola
Snake:2:  layout_onion, serial_shops, nicolae_shop_competitors_out_of_business,
          basic_altar, nicolae_coiled_stairwell_up, uniq_vashnia,
          uniq_saint_roka
Snake:3:  layout_misc_corridors, ebering_ghost_xom, serial_shops,
          bzr_entry_road, grunt_ministairs_9, nicolae_snake_horde_hoard
Snake:4:  johnstein_snake_rune_scales, layout_cave_town,
          nicolae_snake_single_loop, uniq_aizul
Slime:1:  layout_caves
Orc:1:    layout_caves, mines1_david, uniq_urug
Orc:2:    st_orc_ogre_mass, layout_caves, minmay_orc_temple_a
Vaults:1: v_alt_pattern_3, ontoclasm_vaults_fault, nicolae_vaults_circle_grid_b,
          nicolae_vaults_hallways_thing, vaults_dpeg_encased_lava,
          nicolae_vaults_angled_halls, hangedman_vaults_river_flow,
          nicolae_vaults_little_squares_3, ontoclasm_vaults_claustrophobia,
          vaults_standard_mumra_x, hangedman_vaults_maws,
          nicolae_vaults_little_squares_2, nicolae_vaults_network_periphery,
          nicolae_vaults_theta, nicolae_vaults_statue_guard,
          vaults_room_corners, layout_vaults_omnibox, serial_shops, shop_statue
Vaults:2: nicolae_vaults_alarming, nicolae_vaults_border_crossing,
          vaults_room_semicircle, vaults_dpeg_diagonal, vaults_room_semicircle,
          vaults_room_stairs_pillars, minmay_crypt_entry_skeletal_spiral,
          grunt_vaults_hallway_short, layout_vaults_omnigrid, serial_shops,
          nicolae_shop_crystal, uniq_margery
Vaults:3: v_misc_2, vaults_mumra_bighexcomb, v_misc_22, hangedman_vaults_nails,
          hangedman_vaults_hat, ontoclasm_vaults_gateway,
          hangedman_vaults_capsules, nicolae_vaults_ring_of_whatevers,
          v_misc_13, v_misc_14, v_alt_pattern_6, nicolae_vaults_network_star,
          layout_vaults_ring
Vaults:4: vaults_room_hallway, vaults_dpeg_doors, ontoclasm_vaults_bender,
          nicolae_vaults_little_squares_3, hangedman_vaults_stitches, v_misc_25,
          ontoclasm_vaults_loading_screen, vaults_mumra_chevron_long,
          vaults_dpeg_cross, layout_vaults_big_room
Depths:1: layout_cave_pools, hell_entry, abyss_entry, corexii_corridor_pit,
          minivault_22, kennysheep_generic_room_8, firewood_loft
Depths:2: minmay_the_grid_plus_closed [minmay_the_grid_minigrid_large,
          minmay_the_grid_slots, minmay_the_grid_tree,
          minmay_the_grid_holed_spiral,
          minmay_the_grid_prize_four_corners_diamond_b], layout_gridlike,
          grunt_hell_entry_dis_grunt, abyss_entry, rand_demon_pan_entry_3,
          infiniplex_staircase_zigzag_3, uniq_enchantress
Depths:3: grunt_twisty_corner, layout_cave_pools, enter_ziggurat_c, hex_medium,
          serial_co_window_serial, co_window_paths_a, co_window_paths_a,
          co_window_paths_a, co_window_of_opportunity_a, co_window_corner_a,
          co_window_unsneaky_path_e, co_window_cross_4, co_window_paths_c,
          grunt_pan_entry_spiral, hell_entry

Skill      XL: |  1  2  3  4  5  6  7  8  9 10 11 12 13 14 15 16 17 18 19 20 21 |
---------------+----------------------------------------------------------------+-----
Axes           | 4 5 6 7 8 9 11 12 14 15 17 19 20 22 24 25 26 | 26.0
Fighting       | 4 7 8 9 10 11 14 15 16 19 20 21 | 21.8
Evocations     | 2 |  2.0
Armour         | 5 8 10 12 13 15 19 20 21 | 21.8
Dodging        | 4 7 8 12 | 12.0
Slings         | 6 12 | 12.0
Shields        | 5 |  5.0

Action                   |  1- 3 |  4- 6 |  7- 9 | 10-12 | 13-15 | 16-18 | 19-21 || total
-------------------------+-------+-------+-------+-------+-------+-------+-------++-------
Melee: Hand axe          |   100 |   116 |   380 |   342 |       |       |       ||   938
       Headbutt          |    15 |    21 |    69 |   116 |   134 |   215 |   194 ||   764
       Executioner's axe |       |       |       |   169 |   703 |   868 |   726 ||  2466
 Fire: Hunting sling     |       |       |       |     8 |    22 |    21 |    80 ||   131
Throw: Throwing net      |       |       |       |       |     1 |       |     1 ||     2
Invok: Berserk           |       |     2 |     3 |     4 |     3 |     4 |     5 ||    21
       Brothers in Arms  |       |       |     2 |     1 |     1 |     4 |     7 ||    15
       Trog's Hand       |       |       |       |     1 |     1 |     1 |     1 ||     4
 Abil: Evoke Flight      |       |       |       |       |     2 |       |       ||     2
Evoke: Wand              |       |       |       |       |     7 |       |     2 ||     9
  Use: Scroll            |     4 |     4 |     1 |     7 |     3 |     3 |     9 ||    31
       Potion            |       |     9 |       |     4 |     6 |     3 |       ||    22
 Stab: Held in net/web   |       |       |       |       |     2 |       |       ||     2
       Distracted        |       |       |       |       |       |       |     2 ||     2
  Eat: Chunk             |     2 |     7 |    19 |    22 |    41 |    28 |    22 ||   141
       Ration            |       |       |       |       |       |     4 |     3 ||     7
Armor: Animal skin       |     5 |       |       |       |       |       |       ||     5
       Chain mail        |    67 |    34 |       |       |       |       |       ||   101
       Plate armour      |       |    21 |   133 |   199 |   402 |   346 |   371 ||  1472
Dodge: Dodged            |    54 |    39 |    96 |   191 |   381 |   393 |   396 ||  1550
Block: Other             |       |       |       |       |    97 |    94 |    96 ||   287

Table legend:
 A = Non-vault XP
 B = Vault XP
 C = Vault XP percentage of total XP
 D = Non-vault monster count
 E = Vault monster count
 F = Vault count percentage of total count
                 A         B        C        D         E       F
            +---------+---------+-------+---------+---------+-------
      Total |  368958 |  296358 |  44.5 |    1129 |     462 |  29.0
            +---------+---------+-------+---------+---------+-------
        D:1 |      32 |       5 |  13.5 |      19 |       4 |  17.4
        D:2 |      77 |     223 |  74.3 |      24 |       1 |   4.0
        D:3 |     153 |       0 |   0.0 |      33 |       0 |   0.0
        D:4 |     564 |     101 |  15.2 |      20 |       6 |  23.1
        D:5 |    1072 |       0 |   0.0 |      28 |       0 |   0.0
        D:6 |     361 |       0 |   0.0 |      10 |       0 |   0.0
        D:7 |     781 |    1314 |  62.7 |      26 |       6 |  18.8
        D:8 |    2057 |     839 |  29.0 |      25 |       2 |   7.4
        D:9 |    1626 |     689 |  29.8 |      27 |       5 |  15.6
       D:10 |    2444 |    1998 |  45.0 |      22 |       3 |  12.0
       D:11 |    3725 |     572 |  13.3 |      43 |       1 |   2.3
       D:12 |    3195 |    3381 |  51.4 |      30 |       6 |  16.7
       D:13 |    4506 |    1808 |  28.6 |      25 |       2 |   7.4
       D:14 |    1846 |       0 |   0.0 |      12 |       0 |   0.0
       D:15 |    7191 |    2065 |  22.3 |      15 |       2 |  11.8
     Lair:1 |    4380 |       0 |   0.0 |      21 |       0 |   0.0
     Lair:2 |    4474 |       0 |   0.0 |      27 |       0 |   0.0
     Lair:3 |    6044 |    1139 |  15.9 |      29 |       5 |  14.7
     Lair:4 |    5161 |    1519 |  22.7 |      24 |      14 |  36.8
     Lair:5 |    7929 |    3061 |  27.9 |      30 |       1 |   3.2
     Lair:6 |   13793 |   13619 |  49.7 |      46 |      43 |  48.3
   Shoals:1 |   20024 |       0 |   0.0 |      38 |       0 |   0.0
   Shoals:2 |   16141 |       0 |   0.0 |      38 |       0 |   0.0
   Shoals:3 |   14199 |       0 |   0.0 |      30 |       0 |   0.0
   Shoals:4 |   12111 |   24143 |  66.6 |      20 |      32 |  61.5
    Snake:1 |    7782 |   12920 |  62.4 |      17 |      17 |  50.0
    Snake:2 |   10812 |   13905 |  56.3 |      29 |      16 |  35.6
    Snake:3 |   35008 |   19510 |  35.8 |      57 |      33 |  36.7
    Snake:4 |   13957 |   43446 |  75.7 |      22 |      66 |  75.0
      Orc:1 |    5046 |     847 |  14.4 |      42 |       1 |   2.3
      Orc:2 |    4064 |   19729 |  82.9 |      29 |      46 |  61.3
   Vaults:1 |   17194 |    9980 |  36.7 |      32 |      14 |  30.4
   Vaults:2 |   24567 |   14599 |  37.3 |      50 |      26 |  34.2
   Vaults:3 |   11316 |   23047 |  67.1 |      14 |      39 |  73.6
   Vaults:4 |   22466 |    8383 |  27.2 |      43 |      10 |  18.9
   Depths:1 |   23209 |       0 |   0.0 |      47 |       0 |   0.0
   Depths:2 |   31297 |   32389 |  50.9 |      46 |      32 |  41.0
   Depths:3 |   28354 |   41127 |  59.2 |      39 |      29 |  42.6
            +---------+---------+-------+---------+---------+-------
